 Dungeon Crawl Stone Soup version 0.31-a0-1338-gb567cfdca4 (webtiles) character file.

Game seed: 5976632561009966537

1141 jasper the Cruncher (level 8, -1/56 HPs)
             Began as a Human Gladiator on Dec 22, 2023.
             Slain by an orc wizard
             ... wielding a +0 dagger
              (3 damage)
             ... on level 6 of the Dungeon.
             The game lasted 00:03:38 (2817 turns).

jasper the Cruncher (Human Gladiator)               Turns: 2817, Time: 00:03:39

Health: -1/56      AC:  6    Str: 16    XL:     8   Next: 37%
Magic:  8/8        EV: 11    Int:  9    God:
Gold:   139        SH:  0    Dex: 15    Spells: 7/7 levels left

rFire   . . .        a - +0 quarterstaff
rCold   . . .        (shield currently unavailable)
rNeg    . . .        k - +0 ring mail
rPois   .            c - +0 helmet
rElec   .            (no cloak)
rCorr   .            (no gloves)
SInv    .            (no boots)
Will    .....        (no amulet)
Stlth   +            (no ring)
HPRegen 0.29/turn    (no ring)
MPRegen 0.11/turn

%: no passive effects
@: invisible
A: explore regen
a: no special abilities


You were on level 6 of the Dungeon.
You visited 1 branch of the dungeon, and saw 6 of its levels.
You also visited: Sewer.

You collected 139 gold pieces.

Inventory:

Hand Weapons
 a - a +0 quarterstaff (weapon)
Missiles
 d - 2 throwing nets
 e - a javelin
 h - 2 boomerangs (quivered)
Armour
 b - a +0 leather armour
 c - a +0 helmet (worn)
 k - a +0 ring mail (worn)
Wands
 f - a wand of polymorph (9)
Scrolls
 i - 2 scrolls of teleportation
 m - a scroll of blinking
 o - 2 scrolls of fear
Potions
 l - a potion of experience {unknown}
 n - a potion of might {unknown}
 p - 2 potions of mutation {unknown}
 q - a potion of heal wounds {unknown}


   Skills:
 - Level 2.0 Fighting
 + Level 10.2 Staves
 - Level 2.0 Throwing
 - Level 3.0 Dodging


You had 7 spell levels left.
You didn't know any spells.
Your spell library was empty.

Dungeon Overview and Level Annotations

Branches:
Dungeon (6/15)              Sewer (visited)
 Temple: D:4-7

Altars:
Sif Muna


Innate Abilities, Weirdness & Mutations

You regain HP and MP as you explore.


Message History

Your Staves skill increases to level 10!
You take 1 damage, and have 21/56 hp.
You sock the orc!
You kill the orc!
The orc priest hits you with a +0 hand axe.
Something hits you.
* * * LOW HITPOINT WARNING * * *
You take 5 damage, and have 16/56 hp.
You miss something. You closely miss the orc priest.
The orc priest closely misses you. Something hits you but does no damage.
You closely miss the orc priest. The orc priest closely misses you.
Something hits you.
* * * LOW HITPOINT WARNING * * *
You take 1 damage, and have 15/56 hp.
You closely miss the orc priest.
The orc priest hits you but does no damage.
You hear some strange, mumbled words.
Something tries to affect you, but you resist.
You hit the orc priest but do no damage.
You barely miss the orc priest.
The orc priest casts a cantrip, but nothing happens.
Something hits you.
* * * LOW HITPOINT WARNING * * *
You take 4 damage, and have 11/56 hp.
You thump the orc priest!
The orc priest is severely wounded.
The orc priest hits you with a +0 hand axe.
* * * LOW HITPOINT WARNING * * *
Something hits you.
* * * LOW HITPOINT WARNING * * *
You take 9 damage, and have 2/56 hp.
It was a potion of curing.
You feel better.
The orc priest hits you with a +0 hand axe.
* * * LOW HITPOINT WARNING * * *
Something hits you.
* * * LOW HITPOINT WARNING * * *
You fade into invisibility!
The orc priest misses you. Something hits you.
You die...

.... ....... .......
..... ...##
#####..#####
####....[.....######
..$...{@......#....#
......o)...........#
...................#
.......#######.....##
....... ##.....###
....... #.......##
.....## ##....##...
...!. ..........##
... ...........#


You could see an orc priest (unable to see you).

Vanquished Creatures
  Sigmund (D:4)
  A steam dragon (D:6)
  An ogre (D:4)
  2 phantoms
  2 brain worms (Sewer)
  2 scorpions (D:5)
  A howler monkey (D:5)
  2 orc priests (D:6)
  An iguana (D:5)
  Natasha (thrice) (D:4)
  An orc wizard (D:4)
  6 adders
  2 river rats (Sewer)
  A bombardier beetle (D:4)
  2 ufetubi (D:5)
  A worm (D:4)
  2 dart slugs (D:4)
  7 orcs
  An endoplasm (D:1)
  3 giant cockroaches
  A goblin (D:4)
  4 hobgoblins
  A quokka (D:4)
  2 ball pythons (Sewer)
  A frilled lizard (Sewer)
  3 kobolds (D:4)
  7 rats (Sewer)
61 creatures vanquished.

Notes
Turn   | Place    | Note
-------+----------+-------------------------------------------
     0 | D:1      | jasper the Human Gladiator began the quest for the Orb.
     0 | D:1      | Reached XP level 1. HP: 16/16 MP: 1/1
    47 | D:2      | Reached XP level 2. HP: 20/22 MP: 2/2
    57 | D:3      | Reached skill level 4 in Staves
    74 | D:4      | Reached XP level 3. HP: 27/27 MP: 3/3
   151 | D:4      | Noticed an ogre
   162 | D:4      | Killed an ogre
   163 | D:4      | Reached skill level 5 in Staves
   163 | D:4      | Reached XP level 4. HP: 32/33 MP: 4/4
   287 | D:4      | Reached XP level 5. HP: 38/38 MP: 5/5
   290 | D:4      | Noticed Natasha
   300 | D:4      | Killed Natasha
   559 | D:4      | Found a glowing drain.
   597 | D:4      | Reached skill level 6 in Staves
   605 | Sewer    | Entered a sewer
   741 | Sewer    | Reached XP level 6. HP: 23/44 MP: 3/6
   987 | Sewer    | Reached skill level 7 in Staves
  1082 | D:4      | Noticed Sigmund
  1088 | D:4      | Killed Sigmund
  1089 | D:4      | Reached XP level 7. HP: 50/50 MP: 7/7
  1164 | D:4      | Reached skill level 8 in Staves
  1330 | D:4      | Found a shimmering blue altar of Sif Muna.
  1423 | D:4      | Noticed Natasha
  1434 | D:4      | Killed Natasha
  1626 | D:4      | Noticed Natasha
  1633 | D:4      | Killed Natasha
  1669 | D:5      | Entered Level 5 of the Dungeon
  2191 | D:5      | Identified the +10 dagger of Monyn {heavy, Int+4}
  2293 | D:5      | Reached skill level 9 in Staves
  2547 | D:5      | Reached XP level 8. HP: 48/56 MP: 8/8
  2808 | D:6      | Reached skill level 10 in Staves
  2815 | D:6      | HP: 2/56 [something (3)]
  2817 | D:6      | Slain by an orc wizard

Illustrated notes

Levels and vault maps discovered:
D:1:      nzn_arrival_settlement, layout_basic,
          shapermc_ecumenical_altar_mp_urbaneastern, st_stairs_11,
          hangedman_feature_mirror
D:2:      layout_loops_ring, basic_altar, kennysheep_generic_room_12,
          uniq_jessica, uniq_terence
D:3:      layout_loops_ring, roderic_batcave
D:4:      layout_loops_ring, kennysheep_orc_sif_temple,
          cheibrodos_sewer_entry_drain, uniq_sigmund, uniq_natasha
D:5:      layout_basic
D:6:      layout_basic, hangedman_glass_teeth, kb_lookout_dungeons_type

Skill      XL: |  1  2  3  4  5  6  7  8 |
---------------+-------------------------+-----
Staves         | 4 5 6 7 9 10 | 10.2
Fighting       | |  2.0
Throwing       | |  2.0
Dodging        | |  3.0

Action                     |  1- 3 |  4- 6 |  7- 9 || total
---------------------------+-------+-------+-------++-------
  Melee: Quarterstaff      |    25 |    93 |   108 ||   226
         Unarmed           |       |     4 |       ||     4
  Throw: Javelin           |     1 |       |       ||     1
         Throwing net      |     2 |     1 |       ||     3
         Boomerang         |       |     8 |    24 ||    32
    Use: Scroll            |     1 |     2 |     6 ||     9
         Potion            |       |     1 |     2 ||     3
   Stab: Held in net/web   |     1 |       |       ||     1
         Confused          |       |     1 |       ||     1
 Armour: Leather armour    |    12 |    56 |    18 ||    86
         Ring mail         |       |       |    58 ||    58
  Dodge: Dodged            |     6 |    55 |    57 ||   118

Table legend: (Time is in decaauts)
 A = Elapsed time spent in this place.
 B = Non-inter-level travel time spent in this place.
 C = Inter-level travel time spent in this place.
 D = Time resting spent in this place.
 E = Time spent auto-exploring this place.
 F = Levels seen in this place.
 G = Mean time per level.
                   A        B        C        D        E       F      G
               +--------+--------+--------+--------+--------+-----+--------+
         Total |   2847 |   2764 |     83 |     79 |   2119 |   7 |  406.7 |
       Dungeon |   2356 |   2273 |     83 |     79 |   1730 |   6 |  392.7 |
         Sewer |    491 |    491 |      0 |      0 |    388 |   1 |  491.0 |
               +--------+--------+--------+--------+--------+-----+--------+

Top non-repeatable levels by time:
     D:4: 1149 daAuts
     D:5: 889 daAuts
   Sewer: 491 daAuts
     D:6: 249 daAuts
     D:1: 42 daAuts
     D:3: 16 daAuts
     D:2: 9 daAuts
